[Event "EYCC O18-ch 2024"]
[Site "Prague"]
[Date "2024.08.25"]
[Round "4.5"]
[White "Piliposyan, Robert"]
[Black "Malek, Jan"]
[Result "1-0"]
[ECO "E46"]
[WhiteElo "2376"]
[BlackElo "2482"]
[Annotator "TA"]
[PlyCount "81"]
[EventDate "2024.08.19"]
[EventType "swiss"]
[EventCountry "CZE"]
[SourceTitle "playchess.com"]
[Source "ChessBase"]
[SourceQuality "1"]
[TimeControl "5400+30"]

1. d4 Nf6 2. c4 e6 3. Nc3 Bb4 4. e3 O-O 5. Bd2 d5 6. Nf3 b6 7. cxd5 exd5 8. Rc1 c5 9. Be2 Nc6 10. O-O {[%emt 0:03:08] The position is equal.} Rb8 11. Ne5 Bb7 12. Bb5 Nxe5 13. dxe5 Bxc3 14. Bxc3 Ne4 15. Be1 c4 16. f4 Qe7 17. Ba4 f6 18. exf6 Qxf6 19. Bc2 Qe7 20. Qd4 Rfe8 21. Rf3 Qc5 22. Rd1 Bc6 23. Rh3 Rb7 24. Bc3 h6 25. Bxe4 Rxe4 26. Qd2 Rbe7 $2 {[%emt 0:00:05] [#] A mistake that costs the game.} (26... Qf8 $14) 27. Bb4 $1 $18 Qb5 28. Bxe7 Rxe7 29. f5 {[%emt 0:01:30][%cal Of5f6] f6! would now be deadly.} d4 30. exd4 {[%emt 0:02:35][%cal Of5f6] And now f6! would win.} (30. Qxd4 Rd7 31. Qg4 Rxd1+ 32. Qxd1 Qxb2 $11) 30... c3 (30... Qxf5 $142 31. d5 Rd7) 31. Qxc3 (31. bxc3 Re2 32. Rd3 (32. Qd3 $2 Rxg2+ 33. Kf1 Qd5 $19) 32... Rxd2 33. R3xd2 Bd5 $19 (33... Qxf5 $2 34. d5 $19)) 31... Bxg2 (31... Qd5 $142 32. Rg3 h5) 32. Qb3+ (32. f6 $142 Bxh3 33. fxe7) 32... Qxb3 33. Rxb3 {[%emt 0:00:05][%mdl 4096] Endgame. KRR-KRB} Bd5 34. Rg3 Kf7 35. Kf2 Re4 36. Rdg1 Rxd4 37. Rxg7+ Kf6 38. R1g6+ ({Don't take} 38. Rxa7 Rd2+ 39. Ke3 Rxb2 $18) 38... Kxf5 39. Rxh6 Rd2+ $2 {[%emt 0:00:48] [#]} (39... Bxa2 40. h4 (40. Rxa7 Rd2+ 41. Ke3 Rxb2 $18) 40... Kf4) 40. Ke3 Rxb2 41. h4 {[%emt 0:00:11] Weighted Error Value: White=0.24 (precise) /Black=0.52.  Loses game:     	---       	Black=1      Mistake:       	White=1     	Black=3      Inaccurate:     	---       	Black=2      OK:         	White=17    	Black=14     Best:        	White=3     	Black=2      Strong:       	White=1     	---} 1-0

[Event "EYCC O18-ch 2024"]
[Site "Prague"]
[Date "2024.08.25"]
[Round "4.5"]
[White "Smolik, Jachym"]
[Black "Grgantov, Marin"]
[Result "1-0"]
[ECO "A18"]
[WhiteElo "2290"]
[BlackElo "2110"]
[Annotator "ChessBase"]
[PlyCount "61"]
[EventDate "2024.08.19"]
[EventType "swiss"]
[EventCountry "CZE"]
[SourceTitle "playchess.com"]
[Source "ChessBase"]
[SourceQuality "1"]
[TimeControl "5400+30"]

1. c4 Nf6 2. Nc3 e6 3. e4 d5 4. e5 d4 5. exf6 dxc3 6. bxc3 Qxf6 7. Nf3 b6 8. c5 Bxc5 9. d4 Bd6 10. Bd3 h6 11. Be4 c6 12. O-O Bb7 13. Re1 O-O 14. g4 g5 15. h4 Bf4 16. hxg5 hxg5 17. Ne5 Kg7 18. Bxf4 Qxf4 19. Re3 Rh8 20. Qd3 Rh6 21. Bg2 Ba6 22. c4 f6 23. Nf3 Qxg4 24. Rae1 Kf7 25. Rxe6 Qxe6 26. Rxe6 Kxe6 27. d5+ Kf7 28. dxc6 Nxc6 29. Qd5+ Kg7 30. Qxc6 Rc8 31. Qa4 1-0

[Event "EYCC O18-ch 2024"]
[Site "Prague"]
[Date "2024.08.25"]
[Round "4.7"]
[White "Hercegovac, Neven"]
[Black "Zajakins, Artjoms"]
[Result "1-0"]
[ECO "C50"]
[WhiteElo "2278"]
[BlackElo "1981"]
[Annotator "ChessBase"]
[PlyCount "79"]
[EventDate "2024.08.19"]
[EventType "swiss"]
[EventCountry "CZE"]
[SourceTitle "playchess.com"]
[Source "ChessBase"]
[SourceQuality "1"]
[TimeControl "5400+30"]

1. e4 e5 2. Nf3 Nc6 3. Bc4 Bc5 4. d3 Nf6 5. Bg5 h6 6. Bh4 O-O 7. c3 Be7 8. Bg3 d6 9. a4 Be6 10. Nbd2 a6 11. O-O Bxc4 12. Nxc4 Re8 13. Re1 Bf8 14. Bh4 Be7 15. Bxf6 Bxf6 16. Ne3 g6 17. g3 Bg7 18. h4 Qd7 19. h5 Rab8 20. Kg2 Nd8 21. Nh4 Kh7 22. Rh1 Bf6 23. hxg6+ fxg6 24. Nxg6 Kxg6 25. Qh5+ Kg7 26. Qxh6+ Kf7 27. Qh7+ Bg7 28. Rh5 Kf8 29. Rg5 Qe7 30. Rg6 Qf7 31. Nf5 Ne6 32. Rh1 Qg8 33. Qh4 Qf7 34. Qg4 Bf6 35. Nh6 Qg7 36. Rxg7 Nxg7 37. Qg6 Ke7 38. Qf7+ Kd8 39. Qxf6+ Re7 40. Ng8 1-0

[Event "EYCC O18-ch 2024"]
[Site "Prague"]
[Date "2024.08.25"]
[Round "4.8"]
[White "Hak, David"]
[Black "Pidluznij, Gleb"]
[Result "1-0"]
[ECO "D41"]
[WhiteElo "2239"]
[BlackElo "2414"]
[Annotator "ChessBase"]
[PlyCount "53"]
[EventDate "2024.08.19"]
[EventType "swiss"]
[EventCountry "CZE"]
[SourceTitle "playchess.com"]
[Source "ChessBase"]
[SourceQuality "1"]
[TimeControl "5400+30"]

1. d4 d5 2. c4 e6 3. Nc3 Nf6 4. Nf3 c5 5. cxd5 Nxd5 6. e4 Nxc3 7. bxc3 cxd4 8. cxd4 Bb4+ 9. Bd2 Bxd2+ 10. Qxd2 O-O 11. Bc4 Nd7 12. O-O b6 13. Rfe1 Bb7 14. Rad1 Rc8 15. Bb3 Re8 16. h3 Qf6 17. Re3 e5 18. dxe5 Nxe5 19. Nxe5 Qxe5 20. Rf3 Rf8 21. Rxf7 Rxf7 22. Qd8+ Qe8 23. Qxe8+ Rxe8 24. Rd7 Rb8 25. e5 a5 26. Rxf7 Kh8 27. e6 1-0

[Event "EYCC O18-ch 2024"]
[Site "Prague"]
[Date "2024.08.25"]
[Round "4.9"]
[White "Soderstrom, Adrian"]
[Black "Belkaid, Sohan"]
[Result "1-0"]
[ECO "B67"]
[WhiteElo "2318"]
[BlackElo "2384"]
[Annotator "ChessBase"]
[PlyCount "87"]
[EventDate "2024.08.19"]
[EventType "swiss"]
[EventCountry "CZE"]
[SourceTitle "playchess.com"]
[Source "ChessBase"]
[SourceQuality "1"]
[TimeControl "5400+30"]

1. e4 c5 2. Nf3 d6 3. d4 cxd4 4. Nxd4 Nf6 5. Nc3 Nc6 6. Bg5 e6 7. Qd2 a6 8. O-O-O Bd7 9. Kb1 Nxd4 10. Qxd4 Be7 11. h4 Qc7 12. Qd2 b5 13. f3 b4 14. Ne2 a5 15. g4 h5 16. gxh5 Nxh5 17. c4 e5 18. Rg1 Bxg5 19. hxg5 Ke7 20. g6 f6 21. Rh1 Qc5 22. Bh3 Ng3 23. Nxg3 Bxh3 24. Rc1 a4 25. Qd5 Qxd5 26. cxd5 Bd7 27. Nf5+ Bxf5 28. exf5 Kd7 29. Rh7 Rhg8 30. Rc4 Rab8 31. Rhh4 Rh8 32. Rxh8 Rxh8 33. Rxb4 Rh5 34. Rxa4 Rxf5 35. Ra7+ Ke8 36. Rxg7 Rxf3 37. Rg8+ Ke7 38. Ra8 Rf1+ 39. Kc2 Rf2+ 40. Kd1 Rg2 41. g7 Rxg7 42. Ra7+ Kf8 43. Rxg7 Kxg7 44. a4 1-0

[Event "EYCC O18-ch 2024"]
[Site "Prague"]
[Date "2024.08.25"]
[Round "4.10"]
[White "Razafindratsima, Timothe"]
[Black "Sahakyan, Aleks"]
[Result "1/2-1/2"]
[ECO "C50"]
[WhiteElo "2457"]
[BlackElo "2287"]
[Annotator "TA"]
[PlyCount "160"]
[EventDate "2024.08.19"]
[EventType "swiss"]
[EventCountry "CZE"]
[SourceTitle "playchess.com"]
[Source "ChessBase"]
[SourceQuality "1"]
[TimeControl "5400+30"]

1. e4 e5 2. Nf3 Nc6 3. Bc4 Nf6 4. d3 Bc5 5. c3 d6 6. O-O a5 {[%emt 0:00:17] C54: Giuoco Piano: 4 c3 Nf6, main lines with 5 d4 and 5 d3.} 7. Re1 h6 8. Bb3 O-O 9. h3 Ba7 10. Nbd2 Be6 11. Nf1 Bxb3 12. axb3 d5 13. Qe2 Qd7 $146 ({Predecessor:} 13... Re8 14. Ng3 Bc5 15. Nh4 Bf8 16. Nhf5 Re6 17. f4 dxe4 18. dxe4 Nd7 19. fxe5 Nc5 {0-1 Lopez Silva,H (2408)-Mareco,S (2634) Arica op 7th 2021 (4)}) 14. Ng3 Rfd8 15. Nd2 dxe4 16. Ndxe4 Qe6 17. Qf3 Nd5 18. Nf5 Nf4 19. Qg4 g6 20. Bxf4 Qxf5 21. Qxf5 gxf5 22. Nf6+ Kg7 23. Bxe5 Kg6 24. d4 Nxe5 25. Rxe5 Bxd4 26. cxd4 Kxf6 27. Rc1 c6 28. Rcc5 Rxd4 29. Rxf5+ Kg6 30. Rf3 Rd5 31. Rxd5 cxd5 32. Rd3 Rd8 33. Kf1 d4 34. Ke2 Rd5 35. Rg3+ Kf6 36. Kd3 Rf5 37. f3 Rb5 38. Rg4 $2 (38. Kc2 $1 $11 {and White is okay.}) 38... Rxb3+ $19 39. Kc2 Rb4 40. Rf4+ Kg6 41. Rg4+ Kf5 42. Rg7 Kf6 43. Rg8 d3+ 44. Kc3 Ke7 45. Kxd3 Rxb2 46. Kc3 Rb6 47. Rg4 (47. Ra8 $17) 47... Rc6+ $19 48. Kb3 b5 49. Rh4 $2 (49. Rg8 {was the only chance.}) 49... Rg6 $19 50. Rh5 a4+ (50... Rxg2 $2 51. Rxb5 Rg5 52. Rb7+ Kf6 53. Rb6+ Kg7 54. Kc2 $17) ({Less strong is} 50... Rg5 51. Rxh6 Rxg2 52. Rh5 $17) 51. Ka3 Rxg2 (51... Rg5 $142 52. Rxh6 Rxg2) 52. Rxb5 $19 Rg3 (52... Kf6 $19 {And now ...Rf2 would win.} 53. Rb4 Kf5) 53. Rh5 $17 Rxf3+ 54. Kxa4 Rf6 $1 55. Kb5 {[%emt 0:00:07] [#]} Kf8 $1 56. Kc4 Kg7 57. Kd3 {[%emt 0:00:59] [#]} Kg6 (57... Re6 $1 $17) 58. Rh4 $15 Re6 59. Rf4 ({Better is} 59. Rg4+ $15 Kh7 60. Kd4) 59... f5 $2 (59... Re5 $17 60. Rf3 f6) 60. h4 $11 Kf6 61. Ra4 Kg6 62. Rf4 Re1 63. Ra4 Re8 64. Rb4 Kf6 65. Rb6+ Re6 66. Rb4 Kg7 67. Ra4 Re7 68. Rb4 Kg6 69. Ra4 Kh5 70. Rf4 Kg6 71. Ra4 Re1 72. Rb4 Rg1 73. Ke3 Kh5 74. Rf4 Kg6 75. Ra4 Rg3+ 76. Kf2 Rg4 77. Ra6+ Kh5 78. Rf6 Kxh4 79. Rxf5 h5 80. Ra5 Rg8 1/2-1/2

[Event "EYCC O18-ch 2024"]
[Site "Prague"]
[Date "2024.08.25"]
[Round "4.10"]
[White "Maldonado Mena, German"]
[Black "Vergara Anton, Diego"]
[Result "1/2-1/2"]
[ECO "D37"]
[WhiteElo "2073"]
[BlackElo "2416"]
[Annotator "ChessBase"]
[PlyCount "83"]
[EventDate "2024.08.19"]
[EventType "swiss"]
[EventCountry "CZE"]
[SourceTitle "playchess.com"]
[Source "ChessBase"]
[SourceQuality "1"]
[TimeControl "5400+30"]

1. d4 d5 2. c4 e6 3. Nf3 Nf6 4. Nc3 Nbd7 5. Bf4 dxc4 6. e3 Nb6 7. Bxc4 Nxc4 8. Qa4+ Bd7 9. Qxc4 Bc6 10. O-O Bxf3 11. gxf3 c6 12. Kh1 Be7 13. Rg1 Nd5 14. Nxd5 exd5 15. Qb3 O-O 16. Qxb7 Bd6 17. Bg5 Qc8 18. Bf6 g6 19. Qxc8 Rfxc8 20. Rgc1 Kf8 21. Rc2 Ke8 22. Rac1 Kd7 23. f4 a5 24. Kg2 Ra6 25. Kf3 Rb6 26. Be5 Be7 27. f5 gxf5 28. Rg1 Ke6 29. Rg7 c5 30. Rxh7 Rbc6 31. Rh6+ f6 32. Ke2 Kd7 33. Bf4 cxd4 34. Rxc6 Rxc6 35. Kd3 dxe3 36. Bxe3 Ke6 37. Rh8 Rc4 38. Ra8 Ra4 39. Ra6+ Kd7 40. Ra7+ Ke6 41. Ra6+ Kd7 42. Ra7+ 1/2-1/2

[Event "EYCC O18-ch 2024"]
[Site "Prague"]
[Date "2024.08.25"]
[Round "4.11"]
[White "Davtyan, Arsen"]
[Black "Trushko, Andrii"]
[Result "1-0"]
[ECO "D52"]
[WhiteElo "2402"]
[BlackElo "2154"]
[Annotator "ChessBase"]
[PlyCount "93"]
[EventDate "2024.08.19"]
[EventType "swiss"]
[EventCountry "CZE"]
[SourceTitle "playchess.com"]
[Source "ChessBase"]
[SourceQuality "1"]
[TimeControl "5400+30"]

1. d4 d5 2. c4 c6 3. Nf3 Nf6 4. Nc3 e6 5. Bg5 Nbd7 6. e3 h6 7. Bf4 Be7 8. Qc2 O-O 9. g4 Nxg4 10. Rg1 f5 11. h3 Ngf6 12. Bxh6 Nh5 13. O-O-O Kh8 14. Bg5 Nhf6 15. Nh4 Kg8 16. f3 Rf7 17. Ng6 Qe8 18. e4 Bd8 19. exf5 exf5 20. Bd3 Nh7 21. Bxd8 Qxd8 22. Bxf5 Nb6 23. Bxc8 Rxc8 24. Ne5 Rf6 25. cxd5 cxd5 26. Rg4 Nf8 27. Rdg1 Rc7 28. Kb1 Rh6 29. Nb5 Re7 30. Nxa7 Qe8 31. Qb3 Nfd7 32. f4 Nxe5 33. fxe5 Nc4 34. Qg3 Qd7 35. Nb5 Kh8 36. Nc3 Rb6 37. Qd3 Rxb2+ 38. Ka1 Rf7 39. Rh4+ Kg8 40. Qh7+ Kf8 41. Qh8+ Ke7 42. Rxg7 Rbf2 43. Rxf7+ Rxf7 44. Rh7 Qe6 45. Nxd5+ Kd7 46. Nf4 Kc6 47. Rh6 1-0

[Event "EYCC O18-ch 2024"]
[Site "Prague"]
[Date "2024.08.25"]
[Round "4.11"]
[White "Valiyev, Shahin"]
[Black "Borrmann, Laurenz"]
[Result "1-0"]
[ECO "C78"]
[WhiteElo "2245"]
[BlackElo "2427"]
[Annotator "ChessBase"]
[PlyCount "51"]
[EventDate "2024.08.19"]
[EventType "swiss"]
[EventCountry "CZE"]
[SourceTitle "playchess.com"]
[Source "ChessBase"]
[SourceQuality "1"]
[TimeControl "5400+30"]

1. e4 e5 2. Nf3 Nc6 3. Bb5 a6 4. Ba4 Nf6 5. O-O b5 6. Bb3 Bc5 7. c3 d6 8. d4 Bb6 9. a4 Bb7 10. Re1 Ne7 11. Qd3 O-O 12. Bg5 Ng6 13. Nh4 d5 14. exd5 Bxd5 15. Bxd5 Qxd5 16. Nxg6 fxg6 17. Rxe5 Qb3 18. Nd2 Qxb2 19. Rb1 Qa2 20. axb5 Ng4 21. Re2 axb5 22. h3 Rf5 23. hxg4 Rxg5 24. Nf3 Qd5 25. Nxg5 Qxg5 26. Qxb5 1-0

[Event "EYCC O18-ch 2024"]
[Site "Prague"]
[Date "2024.08.25"]
[Round "4.12"]
[White "Asllani, Dorian"]
[Black "Baranciuc, Alexandr"]
[Result "0-1"]
[ECO "D37"]
[WhiteElo "2061"]
[BlackElo "2332"]
[Annotator "ChessBase"]
[PlyCount "96"]
[EventDate "2024.08.19"]
[EventType "swiss"]
[EventCountry "CZE"]
[SourceTitle "playchess.com"]
[Source "ChessBase"]
[SourceQuality "1"]
[TimeControl "5400+30"]

1. d4 d5 2. c4 e6 3. Nc3 Nf6 4. Nf3 Nbd7 5. e3 a6 6. b3 b6 7. Bd3 Bb7 8. O-O Bd6 9. Bb2 O-O 10. Qe2 dxc4 11. bxc4 c5 12. Rfd1 cxd4 13. exd4 Qc7 14. h3 Rfe8 15. Ng5 Bf8 16. Qc2 g6 17. Nge4 Bg7 18. Ba3 Nxe4 19. Bxe4 Nf6 20. Bxb7 Qxb7 21. Rab1 Qc6 22. Qb3 Rec8 23. c5 bxc5 24. dxc5 Bf8 25. Rdc1 Nd7 26. Na4 Rab8 27. Qc2 Rb5 28. Rxb5 axb5 29. Nb2 Qa6 30. Qb3 Bxc5 31. Bxc5 Rxc5 32. Rd1 Qc6 33. Nd3 Rd5 34. Rc1 Qd6 35. Nb4 Rd2 36. a3 Qd4 37. Qf3 Kg7 38. Rc7 Ne5 39. Qg3 h5 40. Rb7 h4 41. Qe3 Qd6 42. Qc3 Rd1+ 43. Kh2 Kh7 44. g3 hxg3+ 45. Qxg3 Nf3+ 46. Kg2 Rg1+ 47. Kxf3 Rxg3+ 48. fxg3 Qd1+ 0-1

[Event "EYCC O18-ch 2024"]
[Site "Prague"]
[Date "2024.08.25"]
[Round "4.13"]
[White "Elmi, Saad Abobaker"]
[Black "Fishchuk, Vladyslav"]
[Result "1/2-1/2"]
[ECO "A06"]
[WhiteElo "2383"]
[BlackElo "2264"]
[Annotator "ChessBase"]
[PlyCount "42"]
[EventDate "2024.08.19"]
[EventType "swiss"]
[EventCountry "CZE"]
[SourceTitle "playchess.com"]
[Source "ChessBase"]
[SourceQuality "1"]
[TimeControl "5400+30"]

1. Nf3 d5 2. e3 Nf6 3. c4 e6 4. Nc3 Bd6 5. b3 O-O 6. Bb2 Re8 7. d4 b6 8. cxd5 exd5 9. Rc1 a6 10. Bd3 Bb7 11. O-O Nbd7 12. Ne2 Ne4 13. Ng3 Nxg3 14. hxg3 Nf6 15. Qe2 Ne4 16. Rfd1 Re6 17. Ne5 Qg5 18. Nf3 Qh5 19. Ne5 Qg5 20. Nf3 Qh5 21. Ne5 Qg5 1/2-1/2

[Event "EYCC O18-ch 2024"]
[Site "Prague"]
[Date "2024.08.25"]
[Round "4.13"]
[White "Thorisson, Benedikt"]
[Black "Paseka, Matyas"]
[Result "0-1"]
[ECO "B56"]
[WhiteElo "2057"]
[BlackElo "2281"]
[Annotator "ChessBase"]
[PlyCount "48"]
[EventDate "2024.08.19"]
[EventType "swiss"]
[EventCountry "CZE"]
[SourceTitle "playchess.com"]
[Source "ChessBase"]
[SourceQuality "1"]
[TimeControl "5400+30"]

1. e4 c5 2. Nf3 d6 3. d4 cxd4 4. Nxd4 Nf6 5. Nc3 Nc6 6. Be3 Ng4 7. Bc1 Qb6 8. Bb5 e5 9. Nd5 Qxd4 10. Qxd4 exd4 11. Nc7+ Kd8 12. Nxa8 Bd7 13. Bd2 Kc8 14. Bxc6 Bxc6 15. Ba5 Ne5 16. Nb6+ axb6 17. Bxb6 Bxe4 18. f3 Bxc2 19. Bxd4 Nc6 20. Bc3 f6 21. b4 Ba4 22. Kf2 d5 23. Rac1 Bd6 24. Rhe1 Bf4 0-1

[Event "EYCC O18-ch 2024"]
[Site "Prague"]
[Date "2024.08.25"]
[Round "4.14"]
[White "Bokhnak, Timofey"]
[Black "Michaeli, Omri"]
[Result "1/2-1/2"]
[ECO "C25"]
[WhiteElo "2273"]
[BlackElo "1983"]
[Annotator "ChessBase"]
[PlyCount "141"]
[EventDate "2024.08.19"]
[EventType "swiss"]
[EventCountry "CZE"]
[SourceTitle "playchess.com"]
[Source "ChessBase"]
[SourceQuality "1"]
[TimeControl "5400+30"]

1. e4 e5 2. Nc3 Nc6 3. g3 Bc5 4. Bg2 a6 5. Nge2 d6 6. O-O Nge7 7. d3 O-O 8. Kh1 Nd4 9. Nxd4 Bxd4 10. f4 exf4 11. gxf4 f5 12. Ne2 Bf6 13. Ng3 g6 14. c3 c6 15. Qb3+ Kh8 16. Be3 Qe8 17. Rae1 Qf7 18. Qa3 d5 19. e5 Bg7 20. Bc5 Re8 21. Ne2 Be6 22. Nd4 Rad8 23. Nf3 Nc8 24. Qb4 Qc7 25. Ng5 b6 26. Nxe6 Rxe6 27. Bf2 a5 28. Qb3 Ree8 29. a4 Bf8 30. Rd1 Rd7 31. Rfe1 Rdd8 32. Rc1 Qd7 33. Red1 c5 34. Qa2 Bh6 35. Bh4 Bxf4 36. Bxd8 Qxd8 37. Rc2 Rxe5 38. b4 Qh4 39. Bxd5 Re1+ 40. Rxe1 Qxe1+ 41. Kg2 Qh4 42. Kf1 Qh3+ 43. Bg2 Qxd3+ 44. Re2 Nd6 45. Qd5 Qxd5 46. Bxd5 cxb4 47. cxb4 axb4 48. h3 Kg7 49. Rb2 Be3 50. Rxb4 Kf6 51. Rb3 Bc5 52. Ke2 Ke5 53. Rd3 h6 54. Bc6 Kf4 55. Rf3+ Ke5 56. Rc3 Bd4 57. Rg3 g5 58. Kd3 Bc5 59. Rg2 Kf4 60. Rc2 Be3 61. Bd5 h5 62. Rc6 Nb7 63. Rc4+ Ke5 64. Bxb7 f4 65. Bf3 g4 66. hxg4 h4 67. Rc6 Bf2 68. Rh6 h3 69. Rxh3 b5 70. axb5 Bh4 71. Rxh4 1/2-1/2

[Event "EYCC O18-ch 2024"]
[Site "Prague"]
[Date "2024.08.25"]
[Round "4.14"]
[White "Loftgaard, Mikkel Vinh"]
[Black "Karolczuk, Iwo"]
[Result "1/2-1/2"]
[ECO "B52"]
[WhiteElo "2227"]
[BlackElo "2356"]
[Annotator "ChessBase"]
[PlyCount "103"]
[EventDate "2024.08.19"]
[EventType "swiss"]
[EventCountry "CZE"]
[SourceTitle "playchess.com"]
[Source "ChessBase"]
[SourceQuality "1"]
[TimeControl "5400+30"]

1. e4 c5 2. Nf3 d6 3. Bb5+ Bd7 4. Bxd7+ Nxd7 5. O-O Ngf6 6. Qe2 e6 7. b3 g6 8. Bb2 Bg7 9. c4 e5 10. Nc3 O-O 11. Ne1 Ne8 12. Nd5 f5 13. exf5 gxf5 14. f4 Nef6 15. Ne3 Ne8 16. fxe5 f4 17. Ng4 h5 18. Nf6+ Nexf6 19. exf6 Bxf6 20. Qe6+ Kg7 21. Bc3 Bxc3 22. dxc3 Ne5 23. Qd5 Qe7 24. Nf3 Rae8 25. Rad1 Rf6 26. h3 b6 27. Nd2 Ref8 28. Ne4 Rg6 29. Nxd6 f3 30. Rd2 fxg2 31. Rxg2 Nf3+ 32. Rxf3 Qe1+ 33. Kh2 Rxg2+ 34. Kxg2 Qe2+ 35. Kg3 h4+ 36. Kxh4 Qxf3 37. Qg5+ Kh7 38. Qe7+ Kh8 39. Qe5+ Qf6+ 40. Qxf6+ Rxf6 41. Nb5 Rf7 42. Kg4 a6 43. Nd6 Rd7 44. Ne4 Kg7 45. Kf5 Kf7 46. Ke5 Ke7 47. h4 Rd1 48. h5 Rh1 49. Ng3 Rh3 50. Nf5+ Kf7 51. Nd6+ Ke7 52. Nf5+ 1/2-1/2

[Event "EYCC O18-ch 2024"]
[Site "Prague"]
[Date "2024.08.25"]
[Round "4.15"]
[White "Gasparyan, Erik R."]
[Black "Kutowski, Marcel"]
[Result "1/2-1/2"]
[ECO "D41"]
[WhiteElo "2350"]
[BlackElo "2263"]
[Annotator "ChessBase"]
[PlyCount "52"]
[EventDate "2024.08.19"]
[EventType "swiss"]
[EventCountry "CZE"]
[SourceTitle "playchess.com"]
[Source "ChessBase"]
[SourceQuality "1"]
[TimeControl "5400+30"]

1. d4 Nf6 2. c4 e6 3. Nf3 d5 4. Nc3 c5 5. cxd5 cxd4 6. Qxd4 exd5 7. Bg5 Be7 8. e3 O-O 9. Be2 Nc6 10. Qd3 Be6 11. O-O h6 12. Bh4 Qb6 13. Nb5 Rac8 14. Nbd4 Bd7 15. Rfd1 Rfd8 16. Bf1 g5 17. Bg3 Ne4 18. Qb3 Qxb3 19. axb3 Nxg3 20. hxg3 Bf6 21. Rd2 g4 22. Nxc6 bxc6 23. Nd4 Rc7 24. Ra6 Rb8 25. Be2 Bg7 26. Bd1 h5 1/2-1/2

[Event "EYCC O18-ch 2024"]
[Site "Prague"]
[Date "2024.08.25"]
[Round "4.15"]
[White "Andries, Alf"]
[Black "Sachilaru, Alexandru"]
[Result "0-1"]
[ECO "B90"]
[WhiteElo "2024"]
[BlackElo "2255"]
[Annotator "ChessBase"]
[PlyCount "58"]
[EventDate "2024.08.19"]
[EventType "swiss"]
[EventCountry "CZE"]
[SourceTitle "playchess.com"]
[Source "ChessBase"]
[SourceQuality "1"]
[TimeControl "5400+30"]

1. e4 c5 2. Nf3 d6 3. d4 cxd4 4. Nxd4 Nf6 5. Nc3 a6 6. h3 e5 7. Nf3 Be7 8. g4 O-O 9. g5 Ne8 10. Nd5 Be6 11. Bc4 Nd7 12. Be3 Rc8 13. Bb3 Nc5 14. Bxc5 Rxc5 15. Qd2 Nc7 16. Nxe7+ Qxe7 17. O-O-O Bxb3 18. axb3 Rc6 19. Kb1 Ne6 20. Qb4 Qc7 21. Rd2 Rc8 22. Rhd1 a5 23. Qa3 b5 24. b4 Rxc2 25. Qxa5 Rxd2 26. Rxd2 Qc1+ 27. Ka2 Qc6 28. Kb3 Ra8 29. Rc2 Qb7 0-1

[Event "EYCC O18-ch 2024"]
[Site "Prague"]
[Date "2024.08.25"]
[Round "4.16"]
[White "Slagboom, Leandro"]
[Black "Backiel, Hubert"]
[Result "1/2-1/2"]
[ECO "A13"]
[WhiteElo "2331"]
[BlackElo "2216"]
[Annotator "ChessBase"]
[PlyCount "55"]
[EventDate "2024.08.19"]
[EventType "swiss"]
[EventCountry "CZE"]
[SourceTitle "playchess.com"]
[Source "ChessBase"]
[SourceQuality "1"]
[TimeControl "5400+30"]

1. c4 e6 2. g3 d5 3. Bg2 Nf6 4. Nf3 dxc4 5. Qa4+ Nbd7 6. Qxc4 a6 7. Qc2 c5 8. Nc3 Rb8 9. O-O b5 10. d4 Bb7 11. Rd1 Rc8 12. dxc5 Bxc5 13. a3 O-O 14. Bd2 Qb6 15. Be1 Qc7 16. Kf1 Nb6 17. Qb3 Nc4 18. Nd2 h6 19. h3 Bxg2+ 20. Kxg2 Qb7+ 21. Kg1 Ne5 22. Rac1 Ba7 23. Qc2 Bd4 24. Nb3 Bb6 25. Nd2 Bd4 26. Nb3 Bb6 27. Nd2 Bd4 28. Nb3 1/2-1/2

[Event "EYCC O18-ch 2024"]
[Site "Prague"]
[Date "2024.08.25"]
[Round "4.16"]
[White "Zhukovskyi, Oleksandr"]
[Black "Stevik, Patrik"]
[Result "0-1"]
[ECO "B13"]
[WhiteElo "1867"]
[BlackElo "2244"]
[Annotator "ChessBase"]
[PlyCount "82"]
[EventDate "2024.08.19"]
[EventType "swiss"]
[EventCountry "CZE"]
[SourceTitle "playchess.com"]
[Source "ChessBase"]
[SourceQuality "1"]
[TimeControl "5400+30"]

1. e4 c6 2. d4 d5 3. exd5 cxd5 4. Bd3 Nc6 5. c3 Nf6 6. h3 Qc7 7. Nf3 h6 8. b4 e6 9. b5 Na5 10. Qa4 b6 11. Ba3 Bxa3 12. Qxa3 Bb7 13. Nbd2 Qe7 14. Qb4 Qxb4 15. cxb4 Nc4 16. Rc1 Nd6 17. Ne5 O-O 18. g4 a6 19. bxa6 Bxa6 20. Bb1 Rfc8 21. Nb3 Nfe4 22. f3 Rxc1+ 23. Nxc1 Nc3 24. Bc2 Bc4 25. Nxc4 dxc4 26. Rh2 Ndb5 27. Rd2 Kf8 28. a4 Nxa4 29. Be4 Rc8 30. Ra2 Nac3 31. Ra6 Nxe4 32. fxe4 Nxd4 33. Rxb6 c3 34. Kd1 Ke7 35. Rb7+ Kf6 36. e5+ Kxe5 37. Rxf7 Ke4 38. b5 Ke3 39. b6 Ra8 40. b7 c2+ 41. Ke1 Ra1 0-1

[Event "EYCC O18-ch 2024"]
[Site "Prague"]
[Date "2024.08.25"]
[Round "4.17"]
[White "Falkevall, Axel"]
[Black "Kasipour Azbari, Seyed Arvin"]
[Result "1/2-1/2"]
[ECO "D52"]
[WhiteElo "2325"]
[BlackElo "2212"]
[Annotator "ChessBase"]
[PlyCount "76"]
[EventDate "2024.08.19"]
[EventType "swiss"]
[EventCountry "CZE"]
[SourceTitle "playchess.com"]
[Source "ChessBase"]
[SourceQuality "1"]
[TimeControl "5400+30"]

1. d4 d5 2. c4 c6 3. Nf3 Nf6 4. Nc3 e6 5. Bg5 Nbd7 6. e3 Qa5 7. Bxf6 Nxf6 8. a3 Ne4 9. Rc1 Nxc3 10. Qd2 dxc4 11. Bxc4 Be7 12. Rxc3 b5 13. Be2 b4 14. Rxc6 Bb7 15. Rc1 O-O 16. O-O Rab8 17. Ne5 Rfd8 18. Rfd1 Bd6 19. axb4 Bxb4 20. Qd3 Bd6 21. Ra1 Qb4 22. Nc4 Bd5 23. Nxd6 Qxd6 24. Rxa7 Rxb2 25. Rc1 Qb4 26. h4 Rd2 27. Qb5 Qxb5 28. Bxb5 g6 29. Rc5 Rb8 30. f3 Rb2 31. Ra5 Rb7 32. e4 Bb3 33. d5 exd5 34. exd5 Rd2 35. Ra8+ Kg7 36. Rd8 Ra7 37. d6 Raa2 38. Rg5 Ra1+ 1/2-1/2

[Event "EYCC O18-ch 2024"]
[Site "Prague"]
[Date "2024.08.25"]
[Round "4.18"]
[White "Serrano Almendros, Angel"]
[Black "Shamatava, Nikolozi"]
[Result "1/2-1/2"]
[ECO "C25"]
[WhiteElo "2310"]
[BlackElo "2196"]
[Annotator "ChessBase"]
[PlyCount "102"]
[EventDate "2024.08.19"]
[EventType "swiss"]
[EventCountry "CZE"]
[SourceTitle "playchess.com"]
[Source "ChessBase"]
[SourceQuality "1"]
[TimeControl "5400+30"]

1. e4 e5 2. Nc3 Nc6 3. g3 Nf6 4. Bg2 Bc5 5. Nge2 a6 6. O-O O-O 7. h3 d6 8. Kh2 h6 9. d3 Nd4 10. f4 c6 11. Nxd4 Bxd4 12. Ne2 Ba7 13. Qe1 Nh7 14. fxe5 dxe5 15. g4 Be6 16. Qg3 Qe7 17. h4 Rfd8 18. g5 h5 19. Bh3 Bxh3 20. Qxh3 Qc5 21. Nc3 b5 22. a3 a5 23. Qg2 Nf8 24. Nd1 Ng6 25. Be3 Qe7 26. Qg3 Rd7 27. Bxa7 Raxa7 28. Ne3 Qc5 29. Rae1 Nf4 30. Rf2 Qd6 31. Nf5 Qe6 32. d4 Ng6 33. c3 b4 34. axb4 axb4 35. Qf3 Ra2 36. Re3 bxc3 37. bxc3 Rda7 38. Kg3 Rxf2 39. Qxf2 Ra2 40. Re2 Ra3 41. Re3 Qc4 42. Nd6 Qe6 43. Nf5 Nf4 44. Qb2 Rb3 45. Qa2 exd4 46. Qa8+ Kh7 47. Kxf4 dxe3 48. Qf8 Qg6 49. Ne7 Qd6+ 50. e5 Qxe7 51. Qxe7 e2 1/2-1/2